MLB
SAN FRANCISCO GIANTS @ MILWAUKEE BREWERS
07/14/2019
 
TOP OF THE 1ST
San Francisco Giants batting - Pitching for Milwaukee Brewers : RHP Jon Gray
Pitching: RHP Jon Gray
Batting: RHB Jose Iglesias 0-0: Fly out, F8 (Line Drive, 8LS, EV 105.0 MPH)
Batting: LHB Anthony Rizzo 0-0: SINGLE (Line Drive, 9LS, EV 90.0 MPH)
Batting: SHB Yasmani Grandal 0-0: Swinging Strike
0-1: Foul Ball, location: 2F
0-2: Ball
1-2: Foul Ball, location: 2F
1-2: Strikes out swinging
Batting: LHB Kyle Schwarber 0-0: Called Strike
0-1: Foul Ball, location: 2F
0-2: Foul Ball, location: 2F
0-2: Strikes out swinging
Top of the 1st over - 0 runs, 1 hit, 0 errors, 1 left on base; San Francisco 0 - Milwaukee 0
BOTTOM OF THE 1ST
Milwaukee Brewers batting - Pitching for San Francisco Giants : LHP Caleb Smith
Pitching: LHP Caleb Smith
Batting: LHB Jeff McNeil 0-0: Called Strike
0-1: Ground out 1-3 (Groundball, 34S, EV 85.0 MPH)
Batting: RHB Eugenio Suarez 0-0: Called Strike
0-1: Ball
1-1: Ball
2-1: Ground out 6-3 (Groundball, 6MS, EV 70.0 MPH)
Batting: RHB Aaron Judge 0-0: Ball
1-0: Ball
2-0: Foul Ball, location: 2F
2-1: Called Strike
2-2: Foul Ball, location: 2F
2-2: Ball
3-2: Foul Ball, location: 2F
3-2: Strikes out swinging
Bottom of the 1st over - 0 runs, 0 hits, 0 errors, 0 left on base; San Francisco 0 - Milwaukee 0
TOP OF THE 2ND
San Francisco Giants batting - Pitching for Milwaukee Brewers : RHP Jon Gray
Batting: LHB Kyle Seager 0-0: Called Strike
0-1: Foul Ball, location: 2F
0-2: Fly out, F9 (Flyball, 9S, EV 86.9 MPH)
Batting: RHB Yairo Munoz 0-0: Called Strike
0-1: Foul Ball, location: 2F
0-2: Ball
1-2: Ball
2-2: Strikes out looking
Batting: LHB Carlos Gonzalez 0-0: Ball
1-0: Called Strike
1-1: Foul Ball, location: 2F
1-2: Ball
2-2: Strikes out swinging
Top of the 2nd over - 0 runs, 0 hits, 0 errors, 0 left on base; San Francisco 0 - Milwaukee 0
BOTTOM OF THE 2ND
Milwaukee Brewers batting - Pitching for San Francisco Giants : LHP Caleb Smith
Batting: LHB Eric Hosmer 0-0: SINGLE (Groundball, 4MD, EV 101.9 MPH)
Batting: RHB Tommy Pham 0-0: Called Strike
0-1: Called Strike
0-2: Ball
1-2: Strikes out swinging
Batting: RHB A.J. Pollock 0-0: Ball
1-0: Fielders Choice at 2nd, 5-4 (Groundball, 5, EV 101.3 MPH)
Batting: RHB Gary Sanchez 0-0: Called Strike
0-1: Ball
1-1: Swinging Strike
1-2: Strikes out swinging
Bottom of the 2nd over - 0 runs, 1 hit, 0 errors, 1 left on base; San Francisco 0 - Milwaukee 0
TOP OF THE 3RD
San Francisco Giants batting - Pitching for Milwaukee Brewers : RHP Jon Gray
Batting: LHB Tyler Naquin 0-0: Ball
1-0: Ball
2-0: Ball
3-0: Called Strike
3-1: Called Strike
3-2: Foul Ball, location: 2F
3-2: DOUBLE (Groundball, 3L, EV 108.1 MPH)
Batting: RHB Caleb Smith 0-0: Sac Bunt to P - play at first, batter OUT! 1-4
Tyler Naquin to third
Batting: RHB Jose Iglesias 0-0: Ball
1-0: Ball
2-0: Ball
3-0: Called Strike
3-1: Base on Balls
Batting: LHB Anthony Rizzo 0-0: Ball
Wild Pitch!
Tyler Naquin scores
Jose Iglesias to second
1-0: SINGLE (Flyball, 9LS, EV 88.1 MPH)
Jose Iglesias to third
Runner from 3rd tries for Home, SAFE, no throw by RF
Batting: SHB Yasmani Grandal 0-0: Called Strike
Anthony Rizzo is caught stealing 2nd base 2-6
0-1: Foul Ball, location: 2F
0-2: Foul Ball, location: 2F
0-2: Fly out, F8 (Flyball, 89S, EV 91.9 MPH)
Top of the 3rd over - 2 runs, 2 hits, 0 errors, 0 left on base; San Francisco 2 - Milwaukee 0
BOTTOM OF THE 3RD
Milwaukee Brewers batting - Pitching for San Francisco Giants : LHP Caleb Smith
Batting: RHB Jon Gray 0-0: Foul Ball, location: 2F
0-1: Foul Ball, location: 2F
0-2: Ball
1-2: Foul Ball, location: 2F
1-2: Foul Ball, location: 2F
1-2: Ball
2-2: Foul Ball, location: 2F
2-2: Ground out 5-3 (Groundball, 56, EV 82.5 MPH)
Batting: RHB Addison Russell 0-0: Ball
1-0: Ball
2-0: Swinging Strike
2-1: Foul Ball, location: 2F
2-2: Foul Ball, location: 2F
2-2: Foul Ball, location: 2F
2-2: Strikes out swinging
Batting: LHB Jeff McNeil 0-0: Ball
1-0: Foul Ball, location: 2F
1-1: Ball
2-1: SINGLE (Groundball, 34D, EV 103.1 MPH)
Batting: RHB Eugenio Suarez 0-0: Ball
1-0: Ball
2-0: Foul Ball, location: 2F
2-1: Foul Ball, location: 2F
2-2: Ball
3-2: Strikes out swinging
Bottom of the 3rd over - 0 runs, 1 hit, 0 errors, 1 left on base; San Francisco 2 - Milwaukee 0
TOP OF THE 4TH
San Francisco Giants batting - Pitching for Milwaukee Brewers : RHP Jon Gray
Batting: LHB Kyle Schwarber 0-0: Called Strike
0-1: Foul Ball, location: 2F
0-2: Strikes out swinging
Batting: LHB Kyle Seager 0-0: Ball
1-0: Ground out 4-3 (Groundball, 4, EV 103.1 MPH)
Batting: RHB Yairo Munoz 0-0: Ball
1-0: Ball
2-0: Ball
3-0: Base on Balls
Batting: LHB Carlos Gonzalez 0-0: Called Strike
0-1: Called Strike
0-2: Ball
1-2: Strikes out swinging
Top of the 4th over - 0 runs, 0 hits, 0 errors, 1 left on base; San Francisco 2 - Milwaukee 0
BOTTOM OF THE 4TH
Milwaukee Brewers batting - Pitching for San Francisco Giants : LHP Caleb Smith
Batting: RHB Aaron Judge 0-0: Ball
1-0: Swinging Strike
1-1: Swinging Strike
1-2: Ball
2-2: Ball
3-2: Base on Balls
Batting: LHB Eric Hosmer 0-0: Called Strike
0-1: SINGLE (Line Drive, 4D, EV 96.3 MPH)
Aaron Judge to second
Batting: RHB Tommy Pham 0-0: Ball
1-0: Ball
2-0: Called Strike
2-1: Swinging Strike
2-2: Foul Ball, location: 2F
2-2: SINGLE (Flyball, 9S, EV 96.9 MPH)
Aaron Judge to third
Eric Hosmer to second
Batting: RHB A.J. Pollock 0-0: Foul Ball, location: 2F
0-1: Ball
1-1: Fielders Choice at 2nd, 3-6 (Groundball, 3, EV 106.3 MPH)
Aaron Judge scores
Eric Hosmer to third
Batting: RHB Gary Sanchez 0-0: Ball
1-0: Called Strike
1-1: Foul Ball, location: 2F
1-2: Ball
2-2: 3-RUN HOME RUN (Flyball, 78XD, EV 95.6 MPH), Distance : 388 ft
Batting: RHB Jon Gray 0-0: Ball
1-0: Ground out 1-3 (Groundball, 23, EV 88.1 MPH)
Batting: RHB Addison Russell 0-0: Called Strike
0-1: Ball
1-1: Called Strike
1-2: Foul Ball, location: 2F
1-2: Ball
2-2: Ball
3-2: Strikes out swinging
Bottom of the 4th over - 4 runs, 3 hits, 0 errors, 0 left on base; San Francisco 2 - Milwaukee 4
TOP OF THE 5TH
San Francisco Giants batting - Pitching for Milwaukee Brewers : RHP Jon Gray
Batting: LHB Tyler Naquin 0-0: Called Strike
0-1: Ball
1-1: Called Strike
1-2: Fly out, F7 (Line Drive, 7, EV 88.1 MPH)
Pinch Hitting: RHB Hunter Dozier 0-0: Foul Ball, location: 2F
0-1: Ball
1-1: Ball
2-1: Foul Ball, location: 2F
2-2: Strikes out looking
Batting: RHB Jose Iglesias 0-0: Ball
1-0: Swinging Strike
1-1: Foul Ball, location: 2F
1-2: Foul Ball, location: 2F
1-2: Ball
2-2: Fly out, F7 (Flyball, 7D, EV 102.5 MPH)
Top of the 5th over - 0 runs, 0 hits, 0 errors, 0 left on base; San Francisco 2 - Milwaukee 4
BOTTOM OF THE 5TH
Milwaukee Brewers batting - Pitching for San Francisco Giants : LHP Caleb Smith
Pitching: RHP Carlos Alejandro Ramirez
Batting: LHB Jeff McNeil 0-0: Called Strike
0-1: Ball
1-1: Foul Ball, location: 2F
1-2: Ball
2-2: Strikes out swinging
Batting: RHB Eugenio Suarez 0-0: Ball
1-0: Called Strike
1-1: Ball
2-1: Foul Ball, location: 2F
2-2: Strikes out swinging
Batting: RHB Aaron Judge 0-0: Called Strike
0-1: Ball
1-1: Foul Ball, location: 2F
1-2: Ball
2-2: Ball
3-2: Ground out U3 (Groundball, 34, EV 81.3 MPH)
Bottom of the 5th over - 0 runs, 0 hits, 0 errors, 0 left on base; San Francisco 2 - Milwaukee 4
TOP OF THE 6TH
San Francisco Giants batting - Pitching for Milwaukee Brewers : RHP Jon Gray
Batting: LHB Anthony Rizzo 0-0: Called Strike
0-1: Swinging Strike
0-2: Strikes out looking
Batting: SHB Yasmani Grandal 0-0: Called Strike
0-1: Ball
1-1: Fly out, F8 (Flyball, 8RD, EV 91.9 MPH)
Batting: LHB Kyle Schwarber 0-0: Called Strike
0-1: Swinging Strike
0-2: Ball
1-2: Strikes out swinging
Top of the 6th over - 0 runs, 0 hits, 0 errors, 0 left on base; San Francisco 2 - Milwaukee 4
BOTTOM OF THE 6TH
Milwaukee Brewers batting - Pitching for San Francisco Giants : RHP Carlos Alejandro Ramirez
Batting: LHB Eric Hosmer 0-0: SINGLE (Groundball, 34D, EV 100.0 MPH)
Batting: RHB Tommy Pham 0-0: Ball
1-0: Ball
2-0: Ball
3-0: Base on Balls
Eric Hosmer to second
Pitching: LHP Tony Watson
Batting: RHB A.J. Pollock 0-0: Foul Ball, location: 2F
0-1: Fly out, F8 (Flyball, 89D, EV 80.6 MPH)
Runner from 2nd tags up, SAFE at 3rd, no throw by CF
Batting: RHB Gary Sanchez 0-0: Ball
1-0: Called Strike
1-1: Foul Ball, location: 2F
1-2: Fly out, F9 (Flyball, 9LS, EV 88.8 MPH)
Pinch Hitting: LHB Jon Jay 0-0: Called Strike
0-1: Ground out U3 (Groundball, 3, EV 91.9 MPH)
Bottom of the 6th over - 0 runs, 1 hit, 0 errors, 2 left on base; San Francisco 2 - Milwaukee 4
TOP OF THE 7TH
San Francisco Giants batting - Pitching for Milwaukee Brewers : RHP Jon Gray
Pitching: RHP Shawn Armstrong
Batting: LHB Kyle Seager 0-0: Called Strike
0-1: Fly out, F9 (Flyball, 89D, EV 92.5 MPH)
Batting: RHB Yairo Munoz 0-0: Foul Ball, location: 2F
0-1: Called Strike
0-2: Ball
1-2: Foul Ball, location: 2F
1-2: Foul Ball, location: 2F
1-2: Ball
2-2: Ball
3-2: Strikes out looking
Batting: LHB Carlos Gonzalez 0-0: Foul Ball, location: 2F
0-1: Called Strike
0-2: Strikes out swinging
Top of the 7th over - 0 runs, 0 hits, 0 errors, 0 left on base; San Francisco 2 - Milwaukee 4
BOTTOM OF THE 7TH
Milwaukee Brewers batting - Pitching for San Francisco Giants : LHP Tony Watson
Batting: RHB Addison Russell 0-0: Ball
1-0: DOUBLE (Line Drive, 78D, EV 105.0 MPH)
Batting: LHB Jeff McNeil 0-0: Ball
1-0: Foul Ball, location: 2F
1-1: Ground out U3 (Groundball, 3, EV 86.3 MPH)
Addison Russell to third
Batting: RHB Eugenio Suarez 0-0: Ball
1-0: Ball
2-0: Called Strike
2-1: Foul Ball, location: 2F
2-2: Ball
3-2: Base on Balls
Batting: RHB Aaron Judge 0-0: Called Strike
0-1: Ball
1-1: SINGLE (Groundball, 56D, EV 95.0 MPH)
Addison Russell scores
Eugenio Suarez to second
Batting: LHB Eric Hosmer 0-0: Called Strike
0-1: Ball
1-1: Foul Ball, location: 2F
1-2: SINGLE (Groundball, 34D, EV 96.3 MPH)
Eugenio Suarez to third
Aaron Judge to second
Runner from 3rd tries for Home, SAFE, throw by RF to home
Pitching: RHP Ryan Tepera
Batting: RHB Tommy Pham 0-0: Ball
1-0: Ball
2-0: 3-RUN HOME RUN (Flyball, 89XD, EV 89.4 MPH), Distance : 412 ft
Pinch Hitting: RHB Yonathan Daza 0-0: Called Strike
0-1: Ball
1-1: Ball
2-1: SINGLE (Line Drive, 34D, EV 106.9 MPH)
Batting: RHB Gary Sanchez 0-0: Called Strike
0-1: Ball
1-1: Swinging Strike
1-2: Foul Ball, location: 2F
1-2: Ball
2-2: Strikes out swinging
Pinch Hitting: RHB Danny Valencia 0-0: Called Strike
Yonathan Daza steals 2nd base
0-1: Swinging Strike
0-2: Strikes out swinging
Bottom of the 7th over - 5 runs, 5 hits, 0 errors, 1 left on base; San Francisco 2 - Milwaukee 9
TOP OF THE 8TH
San Francisco Giants batting - Pitching for Milwaukee Brewers : RHP Shawn Armstrong
Pitching: RHP Mark Melancon
Now in CF: Yonathan Daza
Batting: LHB Tyler Naquin 0-0: Ball
1-0: Ground out 5-3 (Groundball, 5, EV 101.9 MPH)
Batting: RHB Ryan Tepera 0-0: Ball
1-0: Ball
2-0: Ground out 6-3 (Groundball, 6, EV 80.0 MPH)
Batting: RHB Jose Iglesias 0-0: Ball
1-0: Fly out, F4 (Flyball, 34D, EV 93.1 MPH)
Top of the 8th over - 0 runs, 0 hits, 0 errors, 0 left on base; San Francisco 2 - Milwaukee 9
BOTTOM OF THE 8TH
Milwaukee Brewers batting - Pitching for San Francisco Giants : RHP Ryan Tepera
Batting: RHB Addison Russell 0-0: Called Strike
0-1: Foul Ball, location: 2F
0-2: Ball
1-2: Foul Ball, location: 2F
1-2: Foul Ball, location: 2F
1-2: SINGLE (Groundball, 4MD, EV 108.8 MPH)
Pinch Hitting: RHB Dawel Lugo 0-0: Ball
Addison Russell steals 2nd base
1-0: Called Strike
1-1: Fly out, F9 (Line Drive, 9, EV 90.0 MPH)
Batting: RHB Eugenio Suarez 0-0: Ball
1-0: Ground out 6-3 (Groundball, 6, EV 88.8 MPH)
Addison Russell to third
Batting: RHB Aaron Judge 0-0: Ball
1-0: Ball
2-0: Ball
3-0: Base on Balls
Batting: LHB Eric Hosmer 0-0: Fly out, F8 (Flyball, 8RXD, EV 88.1 MPH)
Bottom of the 8th over - 0 runs, 1 hit, 0 errors, 2 left on base; San Francisco 2 - Milwaukee 9
TOP OF THE 9TH
San Francisco Giants batting - Pitching for Milwaukee Brewers : RHP Mark Melancon
Now at 2B: Dawel Lugo
Batting: LHB Anthony Rizzo 0-0: Ball
1-0: Swinging Strike
1-1: Ball
2-1: Ground out 1-3 (Groundball, 13S, EV 72.5 MPH)
Batting: SHB Yasmani Grandal 0-0: Ball
1-0: Ball
2-0: Called Strike
2-1: Foul Ball, location: 2F
2-2: Foul Ball, location: 2F
2-2: Strikes out swinging
Batting: LHB Kyle Schwarber 0-0: Called Strike
0-1: Called Strike
0-2: Ball
1-2: Foul Ball, location: 2F
1-2: Ball
2-2: Foul Ball, location: 2F
2-2: Fly out, F8 (Flyball, 78D, EV 78.1 MPH)
Top of the 9th over - 0 runs, 0 hits, 0 errors, 0 left on base; San Francisco 2 - Milwaukee 9
Tuesday, October 15th, 2019 - OOTP Baseball 20.6 Build 55